[Event "44th Chess Olympiad Women 2022"]
[Site "Chennai"]
[Date "2022.08.07"]
[Round "9.9"]
[White "Savina, Anastasia"]
[Black "Sucikova, Svetlana"]
[Result "1/2-1/2"]
[WhiteElo "2377"]
[BlackElo "2188"]
[Annotator "RC"]
[PlyCount "62"]
[EventDate "2022.??.??"]
[TimeControl "60"]

1. d4 d5 2. c4 c6 3. Nc3 e6 4. e3 Nf6 5. Nf3 Nbd7 6. Qc2 Bd6 7. Bd3 O-O 8.
O-O dxc4 9. Bxc4 b5 10. Be2 Bb7 11. e4 e5 12. dxe5 Nxe5 13.
Nd4 Neg4 14. Nf5 Bxh2+ 15. Kh1 Bc7 16. Bg5 Qe8 17. f3 Qe5 18.
g3 b4 19. Bf4 Qa5 20. Bxc7 Qxc7 21. Nb5 Qe5 22. Nbd6 Ne3 23. Qd2 Nxf5 24. Nxf5 g6 25. Qd6 Qxb2 26. Rab1 Qxe2 27. Qxf6 gxf5 28. Qg5+ Kh8 29. Qf6+ Kg8 30. Qg5+ Kh8 31. Qf6+ Kg8 1/2-1/2

[Event "44th Chess Olympiad Women 2022"]
[Site "Chennai"]
[Date "2022.08.07"]
[Round "9.10"]
[White "Abrahamyan, Tatev"]
[Black "Markantonaki, Haritomeni"]
[Result "1-0"]
[WhiteElo "2291"]
[BlackElo "2154"]
[Annotator "RC"]
[PlyCount "141"]
[EventDate "2022.??.??"]
[TimeControl "60"]

1. e4 e5 2. Nf3 Nc6 3. Bb5 a6 4. Ba4 Nf6 5. d3 b5 6. Bb3 Bb7 7. O-O Be7 8. c4 O-O 9. cxb5 axb5 10. Nc3 b4 11. Nd5 Na5 12. Nxe7+ Qxe7 13. Bc2 c5 14. Nh4 d5 15. Qf3 Qe6 16. Nf5 Rfd8 17. Bg5 c4 18.
exd5 Bxd5 19. Qh3 b3 20. axb3 cxb3 21. Bd1 Nc6 22. Bf3 Nb4 23. Bg4 Nxg4 24. Qxg4 Rdb8 25. Bd2 g6 26. Rxa8 Bxa8 27. Bxb4 Qxf5 28. Qxf5 gxf5 29. Bc3 e4 30. dxe4 fxe4 31. Rd1 Bc6 32. g4 Re8 33. Rd6 Re6 34. Rd4 f6 35. Rb4 Bd5 36. Kf1 Kf7 37. Ke2 Kg6 38. Ke3 Re8 39. h4 f5 40. Rb5 Be6 41. gxf5+ Bxf5 42. Kf4 Bd7 43. Rg5+ Kf7 44. Rg7+ Ke6 45. Rxh7 Rf8+ 46. Kxe4 Rxf2 47. Rh6+ Ke7 48. Kd5 Be8 49. Re6+ Kd7 50. Rb6 Kc7 51. Rb4 Bf7+ 52. Ke5 Kd7 53. Rd4+ Kc7 54. Rd3 Bg6 55. Ba5+ Kc8 56. Rd8+ Kb7 57. Bc3 Rf3 58. Bd4 Kc7 59. Rg8 Bd3 60. Rg5 Rh3 61. Rh5 Rf3 62. Kd5 Kd7 63. Rh8 Bg6 64. Rh6 Bd3 65. Rd6+ Ke7 66. Rb6 Bc2 67. Rb7+ Kf8 68. h5 Rf1 69. h6 Rh1 70. Ke6 Kg8 71. h7+ 1-0

[Event "44th Chess Olympiad Women 2022"]
[Site "Chennai"]
[Date "2022.08.07"]
[Round "9.10"]
[White "Krush, Irina"]
[Black "Avramidou, Anastasia"]
[Result "1-0"]
[WhiteElo "2430"]
[BlackElo "2274"]
[Annotator "TA"]
[PlyCount "87"]
[EventDate "2022.??.??"]
[TimeControl "60"]

1. d4 d5 2. c4 e6 3. Nf3 a6 4. Bg5 Be7 5. Bxe7 Qxe7 6. e3 {[%emt 0:00:57] D30: Queen's Gambit Declined: Systems without
Nc3.} Nf6 7. Nbd2 O-O 8. Rc1
{[%emt 0:00:17] White has an edge.} Nc6 9. Bd3 {[%emt 0:04:58]
[%cal Yf1d3,Yd3e4,Ye4c6] [#]} e5 $146 ({Predecessor:} 9... Rd8
10. O-O e5 11. cxd5 Nxd5 12. Rxc6 bxc6 13. Nxe5 Bd7 14. Nb3 a5 15. Qc2 g6 {
½-½ (44) Goganov,A (2643)-Rakhmanov,A (2664) Khanty-Mansiysk 2016}) 10. cxd5 Nxd5 {[%emt 0:01:00] Strongly threatening ...exd4.} 11. Be4 Rd8 {[%emt 0:18:51] [#]} 12. Rxc6 $1 bxc6 13. Nxe5 Bb7 14. Qc2 {
[%emt 0:04:37][%csl Yc6,Yh7] Inhibits c5.} ({Weaker is} 14. Qh5 g6 15. Qd1 c5
$17) 14... Nf6 (14... c5 $14) 15. Bxc6 $18 ({
But not} 15. Nxc6 Bxc6 16. Bxc6 Rab8 $16) 15... Rdb8 16. O-O Qe6 17. Nb3 {[%emt 0:01:52] [#] aiming for
Nc5.0x0.001eba0a8e3adp-1022s more active pieces.} Bxc6 18.
Nxc6 Rb5 19. Nc1 (19. Rc1
$142) 19... Qe4 (19... a5 $142) 20. Qxe4 $16 Nxe4 21. Nd3 a5 22. Rc1 Kf8 23. f3 Nd6 24. b3 a4 25. b4 a3 26. e4 Rb6 27. d5 Ke8 28. Kf2 Nb7 29. Ke3 Rc8 30. e5 Ra8 31. f4 Rb5 32. Ke4 {[%emt 0:01:26] And now Nd4 would win.} Kd7 33. g4 g6 34. Rc3 Ra4 35. f5 gxf5+ 36. gxf5 Ra8 $2 (36... f6 37. Rc2 fxe5 38. Kxe5 Nd6 39.
Nc5+ Rxc5 40. Rxc5 Ra8) 37. e6+ Ke8 38. Ke5 Nd6 39. Nc5 {[%emt 0:00:31] Intending Rg3 and
mate. Pair of Knights!} f6+ 40. Kxf6 {[%emt 0:01:30] White
mates.} Rxc5 41. bxc5 Ne4+ 42. Kg7 Nxc3 43. f6 Nxd5 44. f7# {[%emt 0:00:07] Weighted
Error Value: White=0.07 (flawless) /Black=0.39} 1-0

[Event "44th Chess Olympiad Women 2022"]
[Site "Chennai"]
[Date "2022.08.07"]
[Round "9.10"]
[White "Pavlidou, Ekaterini"]
[Black "Yip, Carissa"]
[Result "0-1"]
[WhiteElo "2138"]
[BlackElo "2416"]
[Annotator "TA"]
[PlyCount "112"]
[EventDate "2022.??.??"]
[TimeControl "60"]

1. d4 Nf6 2. c4 g6 3. Nc3 Bg7 4. e4 d6 5. Bd3 O-O 6. Nge2 Nc6 7. O-O Nd7 8. Be3 e5 9. d5 Nd4 10. f3 {[%emt 0:01:04] E70: King's
Indian: Miscellaneous lines with 4 e4, including 5 Nge2 and 5 Bd3 0-0 6 Nge2.}
f5 11. exf5 Nxf5 12. Bf2 {
[%emt 0:02:05] White has an edge.} Bh6 {[%emt 0:00:37] [#]} 13. Kh1 $146 ({Predecessor:} 13. Re1 Ne3 14. Qb1 Qf6 15. Ng3 Nxg2 16. Nce4
Qxf3 17. Be2 Nxe1 18. Bxf3 Nxf3+ 19. Kh1 {0-1 (35) Spiranec,N (1912)-Rozic,M 
(2052) Croatia 2016}) 13... Ne3 14. Bxe3 (14.
Qd2 {feels hotter.} Qg5 15. Bxe3 Qxe3 16. Qc2) 14... Bxe3 15.
b4 Nf6 16. Ng3 Ne8 17. Qe1 Qg5 18. Nce4 Qh6 19. a4 a5 (19... Ng7 $11
) 20. bxa5 $14 Ra7 21. Ra2 Ng7 22. Rc2 (22. c5 $5) 22...
Bf4 23. c5 Nf5 $40 {[%emt 0:11:27] Black
attacks.} 24. cxd6 cxd6 25. Rc7 Ra8 26. Kg1 Ne3 (26... Nxg3 $11 27. Nxg3 Bd2) 27. Rf2 (27. Nxd6 e4 28.
Rxc8 Raxc8 29. Ndxe4 (29. Nxc8 $2 exd3 30. Ne7+ Kf7 $19) 29... Nxf1 30. Bxf1
Rc1 $19) 27... Nxd5 28. Bc4 Be6 29. Rxb7 (29. Bxd5 $5 Bxd5 30. Nf1 $11) 29... Be3 (29... Rac8 $1 $11 30. Rc2 (30. Nxd6 Rc6 $11) 30... Kh8) 30.
Nxd6 Rxa5 31. Rb5 $2 Rxb5 $17 {[%emt 0:02:50] Dancing on a razor blade.} 32. axb5 Nc7 {[%emt 0:03:46] Black is more active.} 33. Qc3 {[%emt 0:
01:12] [#]} Bd4 $1 $19 {[%emt 0:01:15] Black has strong compensation.} 34. Qc2
{[%emt 0:01:10] [#]} Qe3 (34... Bxf2+ 35. Kxf2 Qh4 36. Nde4
$15 (36. Qe4 Qxe4 37. Bxe6+ Nxe6 $17)) 35. Bf1 Nd5 {[%emt 0:
00:48] Threatens to win with ...Nc3.} ({Stronger than} 35... Qxf2+ 36. Qxf2 Rb8
37. Nge4) 36. Nge4 Qe1 {[%emt 0:00:00] And now ...Ra8 would
win. Pin} 37. Qd2 Qxd2 ({Not} 37... Bxf2+ 38.
Qxf2 Qxf2+ 39. Kxf2 $17) 38. Nxd2 {[%emt 0:00:04] Pair of Knights!} Ra8 ({Inferior is} 38... Bxf2+ 39. Kxf2 Nb6 40. Ke3 $17) (38... Nc3
$19 39. N2e4 Nd1) 39. g3 $2 {[%emt 0:00:03] White does not recover from this.}
(39. Nb3 $17 {keeps fighting.} Bxf2+ 40. Kxf2) 39... Ra2 {[%emt 0:00:43] ...
Rxd2 is the strong threat.} 40. N6e4 Ne3 {[%emt 0:01:30]
Inhibits Bc4.} 41. Kh1 Ra1 {[%emt 0:02:18] White must now
prevent ...Bh3.} 42. g4 Bc4 43. Nxc4 Nxc4 44. Ra2 (44. Ng3 $142
Bxf2 45. Kg2 Rxf1 46. Nxf1) 44... Rxf1+ 45. Kg2 Ra1 46. Rxa1 Bxa1 47.
g5 $2 (47. h4) 47... Bd4 {[%emt 0:00:14] Black is clearly
winning.} 48. h4 Kf7 49. Kg3 Na3 50. b6 Bxb6 51. f4 Nc4 52. fxe5 Bc7 53. h5 gxh5 54. Kh4 Kg6 55. e6 Bd8 {[%emt 0:00:14] aiming for ...Ne3.
} 56. Nf6 h6 {[%emt 0:02:05] Weighted Error Value: White=0.43/
Black=0.21 (precise)} 0-1

[Event "44th Chess Olympiad Women 2022"]
[Site "Chennai"]
[Date "2022.08.07"]
[Round "9.10"]
[White "Tsolakidou, Stavroula"]
[Black "Tokhirjonova, Gulrukhbegim"]
[Result "1/2-1/2"]
[WhiteElo "2362"]
[BlackElo "2329"]
[Annotator "RC"]
[PlyCount "117"]
[EventDate "2022.??.??"]
[TimeControl "60"]

1. d4 Nf6 2. c4 g6 3. Nc3 d5 4. cxd5 Nxd5 5. e4 Nxc3 6. bxc3 Bg7 7. Nf3 c5 8. Be3 Qa5 9. Qd2 O-O 10. Rc1 Bg4 11. Be2 Rd8 12. d5 c4 13. h3 Bxf3 14. gxf3 Nd7 15. Bg5 Qa3 16. Kf1 b5 17. h4 Nf6 18. h5 Nxh5 19. f4 Nf6 20. Bf3 b4 21. e5 Nxd5 22. Bxd5 bxc3 23. Rxc3 Qc5 24. Bxf7+ Kxf7 25. Qc2 Kg8 26. Rxc4 Qd5 27. Rh3 Qe6 28. Qb3 Rab8 29. Rb4 Qxb3 30. Rhxb3 Rxb4 31. Rxb4 Kf7 32. Rb7 Bf8 33.
Rxa7 Rd4 34. Ke2 h6 35. Ke3 Rc4 36. Bh4 g5 37. Bg3 gxf4+ 38.
Bxf4 h5 39. Bg5 h4 40. f4 h3 41. Kf2 Rc2+ 42. Kg1 Re2 43. Kh1 Kg6 44. Ra3 h2 45. Rg3 Kf5 46. Rg2 Re3 47. Kxh2 e6 48. Rc2 Ba3 49. Kg2 Rd3 50. Kf2 Rh3 51. Ke2 Ke4 52. Rc4+ Kf5 53. Ra4 Bc1 54. Rc4 Ba3 55. Kd1 Rh2 56. Rc2 Rh3 57. Kd2 Bb4+ 58. Ke2 Ba3 59. Kd2 1/2-1/2

[Event "44th Chess Olympiad Women 2022"]
[Site "Chennai"]
[Date "2022.08.07"]
[Round "9.11"]
[White "De Seroux, Camille"]
[Black "Divya Deshmukh"]
[Result "0-1"]
[WhiteElo "2106"]
[BlackElo "2319"]
[Annotator "RC"]
[PlyCount "152"]
[EventDate "2022.??.??"]
[TimeControl "60"]

1. e4 c5 2. Nf3 d6 3. d4 cxd4 4. Qxd4 Nc6 5. Bb5 Bd7 6. Bxc6 Bxc6 7. Nc3 e5 8. Qd3 h6 9. O-O Nf6 10. Rd1 Be7 11. Nh4 Bd7 12. Nf5 Bxf5 13.
exf5 O-O 14. Ne4 Qc7 15. c4 Rfd8 16. Be3 Rac8 17. Rac1 Qa5 18. Nxf6+ Bxf6 19. Qb3 Qa6 20. h3 Rc6 21. Qb4 b6 22. a4 Qc8 23. g4 Bg5 24. Bxg5 hxg5 25. Rd5 Rc5 26. Qd2 Rxc4 27. Rxc4 Qxc4 28. Rxd6 Rxd6 29. Qxd6 Qxa4 30. Qd8+ Kh7 31. Qxg5 Qd1+ 32. Kg2 Qd5+ 33. Kg1 Qd6 34. Qh5+ Kg8 35. g5 a5 36. g6 Qf6 37. Qg4 Kf8 38. Qe4 fxg6 39. fxg6 Qe6 40. Kh2 Ke7 41. h4 Kf6 42. Qg2 Qc4 43. Qg5+ Ke6 44. Qd8 Kf5 45. Qg5+ Ke6 46. Qd8 b5 47. Qg8+ Kf6 48. Qd8+ Kxg6 49. Qg5+ Kf7 50. Qxe5 Qxh4+ 51. Kg2 Qg4+ 52. Kh2 Qc4 53.
Qh5+ Kf6 54. Qf3+ Kg6 55. Qg3+ Kh7 56. Qe5 Qc6 57. Kg1 a4 58. f4 b4 59. Kf2 a3 60. bxa3 bxa3 61. Qa5 Qc2+ 62. Ke1 Qe4+ 63. Kd1 Qd3+ 64. Kc1 Qc4+ 65. Kb1 Qb3+ 66. Kc1 Qb2+ 67. Kd1 g6 68. Qc7+ Qg7 69. Qa5 Qd4+ 70. Ke2 Qb2+ 71. Kf3 a2 72. Qa7+ Kh6 73. Qe7 Qb3+ 74. Kg4 a1=Q 75. Qf8+ Qg7 76. Qd8 Qe6+ 0-1

[Event "44th Chess Olympiad Women 2022"]
[Site "Chennai"]
[Date "2022.08.07"]
[Round "9.11"]
[White "Gomes, Mary Ann"]
[Black "Heinatz, Gundula"]
[Result "1-0"]
[WhiteElo "2324"]
[BlackElo "2196"]
[Annotator "RC"]
[PlyCount "69"]
[EventDate "2022.??.??"]
[TimeControl "60"]

1. Nf3 d5 2. g3 Nf6 3. Bg2 c6 4. O-O Bf5 5. d3 h6 6. b3 e6 7. Bb2 Be7 8. Nbd2 O-O 9. Qe1 Bh7 10. e4 a5 11. a3 Nbd7 12. Qe2 Re8 13. e5 Nh5 14. Ne1 g6 15. f4 Ng7 16. g4 Bc5+ 17. d4 Ba7 18. Ndf3 c5 19. Nd3 Rc8 20. Kh1 c4 21. bxc4 Rxc4 22. c3 Qc7 23. Rfc1 b5 24. Nd2 Rc6 25. a4 Rb8 26. Ba3 Ne8 27. axb5 Rxb5 28. Nc5 Rcb6 29. c4 Rb2 30. cxd5 exd5 31. Bxb2 Rxb2 32. Nd3 Rc2 33. Bxd5 g5 34. Rxc2 Qxc2 35. e6 1-0

[Event "44th Chess Olympiad Women 2022"]
[Site "Chennai"]
[Date "2022.08.07"]
[Round "9.11"]
[White "Hakimifard, Ghazal"]
[Black "Padmini, Rout"]
[Result "0-1"]
[WhiteElo "2296"]
[BlackElo "2374"]
[Annotator "RC"]
[PlyCount "124"]
[EventDate "2022.??.??"]
[TimeControl "60"]

1. e4 c5 2. Nf3 e6 3. d4 cxd4 4. Nxd4 Nc6 5. Nc3 Qc7 6. Be3 Nf6 7. Be2 a6 8. O-O Be7 9. f4 d6 10. Kh1 O-O 11. a4 Re8 12. Nb3 b6 13.
Bf3 Bb7 14. g4 d5 15. e5 Ne4 16. Bg2 Nxc3 17. bxc3 Nb8 18. a5 b5 19. Bb6 Qxc3 20. Rf3 Qc8 21. Rh3 d4 22. Qd3 g6 23. Rg1 Bxg2+ 24. Rxg2 Nd7 25. Bxd4 Nc5 26. Qe3 Nxb3 27. f5 Bf8 28. Qxb3 Rd8 29. Qe3 exf5 30.
gxf5 Qxf5 31. Rf3 Qe6 32. c3 Bg7 33. Qe4 Rac8 34. Rgf2 Rd7 35. Re2 Rd5 36. Qh4 h6 37. Re4 Re8 38. Kg2 Rd7 39. Re2 Qd5 40.
Qf4 Re6 41. Qe4 b4 42. Qxd5 Rxd5 43. Rfe3 b3 44. Rb2 Bxe5 45.
Rxb3 Bxd4 46. Rxe6 fxe6 47. cxd4 Rxa5 48. Kf3 Kf7 49. Ke4 Kf6 50. Rb6 g5 51. d5 Rxd5 52. Rxa6 Rd2 53. h3 Rf2 54. Ra3 h5 55. Rb3 Rf4+ 56. Ke3 Kf5 57. Ra3 Rb4 58. Kf3 h4 59. Kf2 e5 60. Rc3 Rb2+ 61. Kg1 Kf4 62. Rc8 e4 0-1

[Event "44th Chess Olympiad Women 2022"]
[Site "Chennai"]
[Date "2022.08.07"]
[Round "9.11"]
[White "Vantika Agrawal"]
[Black "Georgescu, Lena"]
[Result "1-0"]
[WhiteElo "2371"]
[BlackElo "2279"]
[Annotator "RC"]
[PlyCount "135"]
[EventDate "2022.??.??"]
[TimeControl "60"]

1. d4 Nf6 2. c4 e6 3. Nf3 d5 4. g3 Bb4+ 5. Bd2 Be7 6. Bg2 O-O 7. O-O Nbd7 8.
Qc2 c6 9. Bf4 b6 10. Nbd2 Nh5 11. e3 Bb7 12. cxd5 Nxf4 13. exf4 cxd5 14. Rfc1 a5 15. Qc7 Ba6 16. Bf1 Bxf1 17. Nxf1 b5 18. Qc6 Nf6 19. Qxb5 Rb8 20. Qe2 Qb6 21. Rc2 Ne4 22. Ne5 Rb7 23. Qd3 h6 24. Rac1 a4 25. Ne3 g6 26. Kg2 Kg7 27. Nd1 Ra8 28. Rc6 Qa5 29. Rc8 Rxc8 30. Rxc8 Bf6 31. Qc2 Nd6 32. Rc5 Qa7 33. Nc3 Nf5 34. Qxa4 Qxa4 35. Nxa4 Rb4 36. b3 Rxd4 37. Nf3 Rd1 38. Rc2 g5 39. fxg5 hxg5 40. h3 Kg6 41. Nc5 Rb1 42. Nd3 Ra1 43. b4 Nd6 44. Nfe5+ Kg7 45. Rc6 Nc4 46. Nxc4 dxc4 47. Rxc4 Rxa2 48. Nc5 Be7 49. Kf3 Rb2 50. Nd3 Rb1 51. Rc7 Bf6 52. Ke3 Rh1 53. b5 Rxh3 54. b6 Bd8 55.
Rb7 Rh1 56. Rb8 Be7 57. Re8 Bd6 58. Rd8 Be7 59. b7 Bxd8 60.
b8=Q Bf6 61. Qb7 Rh6 62. Nc5 Kg8 63. Nd7 Bg7 64. Qc8+ Kh7 65.
Qe8 Kg6 66. Qg8 Rh8 67. Ne5+ Kf5 68. Qxg7 1-0

[Event "44th Chess Olympiad Women 2022"]
[Site "Chennai"]
[Date "2022.08.07"]
[Round "9.12"]
[White "Forgas Moreno, Yaniela"]
[Black "Koubova, Anna Marie"]
[Result "1-0"]
[WhiteElo "2343"]
[BlackElo "2115"]
[Annotator "RC"]
[PlyCount "69"]
[EventDate "2022.??.??"]
[TimeControl "60"]

1. e4 c6 2. d4 d5 3. exd5 cxd5 4. Bd3 Nc6 5. c3 Nf6 6. Bf4 Bg4 7. Qb3 Qd7 8. Nd2 e6 9. Ngf3 Bxf3 10. Nxf3 Bd6 11. Be3 O-O 12. O-O Rab8 13. Rae1 Qc7 14. Qc2 Rfc8 15. Qe2 a6 16. g3 b5 17. a3 Qb7 18. Bg5 Nd7 19. Bd2 a5 20. Ng5 Nf6 21. f4 Re8 22. Qg2 b4 23.
axb4 axb4 24. Qh3 h6 25. Nf3 bxc3 26. bxc3 Na5 27. f5 exf5 28. Nh4 Qb2 29. Rd1 Ne4 30. Nxf5 Nxd2 31. Qg4 Bf8 32. Nxh6+ Kh8 33. Nxf7+ Kg8 34. Bh7+ Kxh7 35. Qh5+ 1-0

[Event "44th Chess Olympiad Women 2022"]
[Site "Chennai"]
[Date "2022.08.07"]
[Round "9.12"]
[White "Miranda Llanes, Yerisbel"]
[Black "Pilsova, Karolina"]
[Result "0-1"]
[WhiteElo "2347"]
[BlackElo "2230"]
[Annotator "RC"]
[PlyCount "68"]
[EventDate "2022.??.??"]
[TimeControl "60"]

1. d4 Nf6 2. c4 e6 3. Nc3 Bb4 4. e3 O-O 5. Bd2 b6 6. Nf3 Bb7 7. Bd3 d5 8.
cxd5 exd5 9. O-O Bd6 10. Qb1 Nbd7 11. b4 a6 12. a4 Re8 13. b5 axb5 14. Nxb5 Bf8 15. Bb4 c5 16. dxc5 Nxc5 17. Bc2 Nfe4 18. Ra3 Rc8 19. Rd1 Qf6 20. Be1 Qh6 21. Nbd4 Ba6 22. Nb5 Qh5 23. Ra1 Re6 24. Qb2 Be7 25. Rdc1 Rg6 26. Bd1 Qh3 27. g3 Bf6 28. Nfd4 Nd3 29. Rxc8+ Bxc8 30. Qe2 Rh6 31. f3 Nef2 32. Qd2 Qxh2+ 33. Kf1 Bh3+ 34. Ke2 Qg2 0-1

[Event "44th Chess Olympiad Women 2022"]
[Site "Chennai"]
[Date "2022.08.07"]
[Round "9.12"]
[White "Petrova, Kristyna"]
[Black "Arribas Robaina, Maritza"]
[Result "1/2-1/2"]
[WhiteElo "2238"]
[BlackElo "2239"]
[Annotator "RC"]
[PlyCount "74"]
[EventDate "2022.??.??"]
[TimeControl "60"]

1. Nf3 d5 2. c4 e6 3. e3 Nf6 4. Nc3 Be7 5. b3 O-O 6. Bb2 b6 7. cxd5 exd5 8.
Be2 Bb7 9. O-O Nbd7 10. Rc1 Re8 11. Nb5 c5 12. d4 a6 13. Nc3 Bd6 14. Rc2 Qe7 15. Re1 Rad8 16. g3 Ne4 17. Bf1 Nxc3 18. Bxc3 Nf6 19. Bg2 c4 20. Nd2 cxb3 21. Nxb3 Rc8 22. Bb2 Rxc2 23. Qxc2 Qd7 24. Rc1 Rc8 25. Qb1 Rxc1+ 26. Nxc1 Qc6 27. Nd3 Ne4 28. Ne5 Qc7 29. Qd1 h6 30. f3 Nc3 31. Qb3 Ne2+ 32. Kf2 Nc1 33. Bxc1 Qxc1 34. Bf1 b5 35. Nd3 Qd2+ 36. Be2 Bc6 37. Qb2 Qxb2 1/2-1/2

[Event "44th Chess Olympiad Women 2022"]
[Site "Chennai"]
[Date "2022.08.07"]
[Round "9.12"]
[White "Worek, Joanna"]
[Black "Ordaz Valdes, Lisandra Teresa"]
[Result "0-1"]
[WhiteElo "2280"]
[BlackElo "2367"]
[Annotator "RC"]
[PlyCount "50"]
[EventDate "2022.??.??"]
[TimeControl "60"]

1. e4 e5 2. Nf3 Nc6 3. d4 exd4 4. Nxd4 Qf6 5. Nf3 Bb4+ 6.
c3 Bc5 7. Be2 Nge7 8. O-O h6 9. a3 a5 10. c4 d6 11. Nc3 O-O 12. Rb1 Bg4 13.
Nb5 Bb6 14. Ne1 Be6 15. b3 Qg6 16. Bf3 Ne5 17. Nd3 Nxf3+ 18. Qxf3 Bg4 19. Qf4 Be2 20. Ne1 Bxf1 21. Kxf1 Nc6 22. Nf3 Rae8 23. Nc3 f5 24. Nh4 Qf6 25. Nd5 Qd4 0-1

[Event "44th Chess Olympiad Women 2022"]
[Site "Chennai"]
[Date "2022.08.07"]
[Round "9.13"]
[White "Nandhidhaa, P V.."]
[Black "Olde, Margareth"]
[Result "1-0"]
[WhiteElo "2312"]
[BlackElo "2235"]
[Annotator "RC"]
[PlyCount "91"]
[EventDate "2022.??.??"]
[TimeControl "60"]

1. e4 e5 2. Nf3 Nc6 3. Bb5 a6 4. Ba4 Nf6 5. d3 d6 6. c3 Be7 7. O-O O-O 8. Re1 b5 9. Bc2 d5 10. Nbd2 dxe4 11. dxe4 h6 12. a4 Rb8 13. axb5 axb5 14. Qe2 Bc5 15. b4 Bb6 16. Bd3 Bd7 17. Nb3 Qe7 18.
Be3 Bxe3 19. Qxe3 Nh5 20. Nc5 Bc8 21. g3 Rb6 22. Be2 Kh7 23.
Red1 Nf6 24. Nh4 g6 25. Bf1 Ne8 26. Qe1 Nd6 27. Ng2 Nb7 28.
Ne3 Be6 29. Nd3 Re8 30. Rd2 Nd6 31. Nc5 Nb7 32. Nd5 Bxd5 33.
Rxd5 Nb8 34. Ra7 c6 35. Rd2 Rc8 36. Qe3 Rc7 37. Ne6 Qxe6 38.
Qxb6 Qc8 39. Ra8 c5 40. Qa7 cxb4 41. Rxb8 Qe6 42. Rxb7 Rxb7 43. Qxb7 bxc3 44. Rd7 c2 45. Rxf7+ Kg8 46. Rc7 1-0

[Event "44th Chess Olympiad Women 2022"]
[Site "Chennai"]
[Date "2022.08.07"]
[Round "9.13"]
[White "Narva, Mai"]
[Black "Karavade, Eesha"]
[Result "1/2-1/2"]
[WhiteElo "2385"]
[BlackElo "2339"]
[Annotator "TA"]
[PlyCount "74"]
[EventDate "2022.??.??"]
[TimeControl "60"]

1. e4 e5 2. Nf3 Nc6 3. Nc3 Nf6 4. Bb5 Nd4 5. Bc4 Bc5 6. d3 d6 7. Nxd4 Bxd4 {
[%emt 0:00:10] C48: Four Knights: 4 Bb5, replies other than 4...Bb4.} 8. Qf3 h6 9. Qg3 Nh5 10. Qf3 {[%emt 0:00:19][%csl Gc4,Yf7,Yh5][%cal Rf3f7] [#]} Nf6 11. h3 {[%emt 0:00:16] [#]} Be6 $146 ({Predecessor:} 
11... Qe7 12. Ne2 Bb6 13. Ng3 c6 14. O-O g6 15. c3 Be6 16. Bb3 Nd7 17. Be3 h5
18. d4 Bxb3 19. axb3 Kf8 {1-0 (36) Artemiev,V (2706)-Oparin,G (2624) Sochi 2018
}) 12. Ne2 Bb6 13. Bd2 Qd7 14. Ng3 d5 15. Bb3 a5 16. exd5 Bxd5 17.
Bxd5 Qxd5 18. Ne4 Nxe4 19. dxe4 Qc4 20. Bc3 Bd4 21. Bxd4 Qxd4 {[%emt 0:
00:00] The position is equal.} 22. c3 Qc4 23.
Qe2 Qxe2+ 24. Kxe2 $11 {[%emt 0:00:05]
Endgame KRR-KRR} O-O-O 25. Rad1 h5 26. Ke3 c6 27. c4 b6 28. h4 Kc7 29. b3 g6 30. g3 Rxd1 31.
Rxd1 Rd8 32. Rxd8 Kxd8 {
[%emt 0:00:02] KP-KP} 33. f3 Ke7 34. a3 Ke6 35. b4 a4 36. c5 b5 37. Kd3 f6 {
[%emt 0:00:18] An uneventful encounter. Weighted Error Value: White=0.02 
(flawless) /Black=0.03 (flawless)} 1/2-1/2

[Event "44th Chess Olympiad Women 2022"]
[Site "Chennai"]
[Date "2022.08.07"]
[Round "9.13"]
[White "Sinitsina, Anastassia"]
[Black "Sahithi Varshini M"]
[Result "0-1"]
[WhiteElo "2175"]
[BlackElo "2312"]
[Annotator "RC"]
[PlyCount "118"]
[EventDate "2022.??.??"]
[TimeControl "60"]

1. Nf3 Nf6 2. g3 d5 3. Bg2 c6 4. O-O Bg4 5. d3 Nbd7 6. Nbd2 g6 7. h3 Bxf3 8. Nxf3 Bg7 9. c3 O-O 10. Qc2 e6 11. e4 Qb6 12. Re1 c5 13.
exd5 Nxd5 14. Nd2 Qa6 15. Nc4 b5 16. Ne3 N7b6 17. a4 bxa4 18.
Nc4 Rab8 19. Ne5 Qc8 20. h4 Qc7 21. Nf3 h5 22. Ng5 Rbe8 23.
Qe2 Qd7 24. Ne4 Rc8 25. Bh3 f5 26. Ng5 e5 27. Bd2 Rfe8 28.
Qf3 Rcd8 29. Red1 Bf6 30. Qe2 Bg7 31. Qf3 Nf6 32. Be3 Rc8 33.
Qe2 Ng4 34. Bc1 Nh6 35. Be3 Nf7 36. Nxf7 Qxf7 37. Bg2 Kh7 38. Bg5 Bf6 39. Bxf6 Qxf6 40. Ra3 Rc7 41. c4 Rce7 42. Qc2 Qe6 43. Rc1 Rd8 44. Qc3 Rd4 45. Qa5 Qd6 46. Qb5 Kg7 47. Rac3 Rc7 48. Bf1 f4 49. Re1 fxg3 50. fxg3 Rg4 51. Kg2 Rf7 52. Qe8 Re7 53. Qb5 Qd4 54. Re2 Nc8 55. Qc6 Nd6 56. Qd5 Nf5 57. Qxd4 cxd4 58. Ra3 Nxg3 59. Rc2 Rf7 0-1

[Event "44th Chess Olympiad Women 2022"]
[Site "Chennai"]
[Date "2022.08.07"]
[Round "9.13"]
[White "Vishwa Vasnawala"]
[Black "Blokhin, Sofia"]
[Result "1/2-1/2"]
[WhiteElo "2305"]
[BlackElo "1996"]
[Annotator "RC"]
[PlyCount "57"]
[EventDate "2022.??.??"]
[TimeControl "60"]

1. d4 f5 2. g3 e6 3. c4 Nf6 4. Bg2 Be7 5. Nf3 O-O 6. O-O d5 7. Nbd2 Nc6 8. e3 b6 9. Qa4 Bb7 10. cxd5 exd5 11. Rd1 Qd6 12. Ne1 Ne4 13. Nd3 a5 14. Nf3 Bf6 15. Bd2 Ba6 16. Be1 g5 17. Rac1 Bb7 18. Qc2 Rf7 19. a3 g4 20. Nd2 h5 21. f3 Nxd2 22. Qxd2 Re8 23. Nf4 Nd8 24. Nxh5 Bg5 25. Nf4 Rh7 26. fxg4 fxg4 27. Qe2 Qd7 28. b4 a4 29. b5 1/2-1/2

[Event "44th Chess Olympiad Women 2022"]
[Site "Chennai"]
[Date "2022.08.07"]
[Round "9.14"]
[White "Fronda, Jan Jodilyn"]
[Black "Gara, Ticia"]
[Result "1-0"]
[WhiteElo "2181"]
[BlackElo "2367"]
[Annotator "RC"]
[PlyCount "127"]
[EventDate "2022.??.??"]
[TimeControl "60"]

1. e4 c5 2. c3 d5 3. exd5 Qxd5 4. d4 Nc6 5. Nf3 Bg4 6. dxc5 Qxd1+ 7. Kxd1 e6 8. b4 a5 9. Bb5 Nge7 10. a3 axb4 11. cxb4 O-O-O+ 12. Nbd2 Bxf3+ 13. gxf3 Nd4 14. Bc4 g6 15. Ne4 Nef5 16. Bg5 Rd7 17. Kc1 Bg7 18. Bf6 Bxf6 19. Nxf6 Rc7 20. Kb2 Nxf3 21. Rad1 h5 22. a4 h4 23. a5 Ne5 24. Be2 h3 25. a6 bxa6 26.
Bxa6+ Kb8 27. f4 Nc6 28. Nd7+ Ka8 29. b5 Nb4 30. b6 Nxa6 31.
bxc7 Nxc7 32. c6 Ka7 33. Ra1+ Na6 34. Nc5 Rb8+ 35. Kc3 Rb6 36. c7 Ne7 37. Rhd1 Rc6 38. Rxa6+ Rxa6 39. Nxa6 Kxa6 40. Rd7 Nc8 41. Rxf7 Kb7 42. Rg7 Nd6 43. Rxg6 Kxc7 44. Rxe6 Nf5 45. Kd3 Kd7 46. Re5 Nh6 47. Rh5 Ng4 48. Ke2 Nxh2 49. Rg5 Ke6 50. Kf2 Kf6 51. Rg3 Kf5 52. Rxh3 Ng4+ 53. Kf3 Nf6 54. Rh1 Kg6 55. Rg1+ Kf7 56. f5 Nd5 57. Rd1 Nf6 58. Kf4 Nh5+ 59. Ke5 Nf6 60. Rd4 Ke7 61. Ra4 Nd7+ 62. Kf4 Nf6 63. Kg5 Nd5 64. Kg6 1-0

[Event "44th Chess Olympiad Women 2022"]
[Site "Chennai"]
[Date "2022.08.07"]
[Round "9.14"]
[White "Hoang, Thanh Trang"]
[Black "Frayna, Janelle Mae"]
[Result "1/2-1/2"]
[WhiteElo "2376"]
[BlackElo "2224"]
[Annotator "RC"]
[PlyCount "108"]
[EventDate "2022.??.??"]
[TimeControl "60"]

1. d4 g6 2. g3 d5 3. Bg2 Bg7 4. Nf3 Nf6 5. O-O O-O 6. c4 c6 7. Qb3 dxc4 8. Qxc4 Bf5 9. Nc3 Nbd7 10. Rd1 Bc2 11. Re1 Nb6 12. Qc5 Ne4 13. Nxe4 Bxe4 14. Rd1 Qd6 15. Qxd6 exd6 16. Bf4 Rad8 17. Rac1 Rfe8 18. b3 h6 19. Bd2 g5 20. e3 Nd5 21. h4 f6 22. Be1 Kf8 23.
g4 Kg8 24. Nd2 Bxg2 25. Kxg2 Ne7 26. Nf3 f5 27. gxf5 g4 28. Nh2 h5 29. e4 d5 30. Bb4 dxe4 31. Bxe7 Rxe7 32. Nf1 Rd5 33. Ng3 Kf7 34. Nxh5 Bxd4 35. Ng3 Bf6 36. h5 Bg5 37. Rb1 Kf6 38. Re1 Rd4 39. Rbd1 Rd5 40. Rh1 Bh6 41. Rde1 e3 42. Rhf1 Rd2 43. Re2 Bg5 44. fxe3 Rxe2+ 45. Nxe2 Rxe3 46. Nd4 Bh6 47. Ne6 b6 48. Rf2 Rh3 49. Nd8 c5 50. Nc6 Be3 51. Rf1 Rxh5 52. Nxa7 Rxf5 53. Rxf5+ Kxf5 54. Nc8 c4 1/2-1/2